[Event "Titled Tuesday Blitz August 08 Early 2023"]
[White "Veiga, Jose Francisco R P Neves"]
[Black "Ladan, Nicholas"]
[WhiteFideId "1930087"]
[BlackFideId "30918855"]
[WhiteElo "2546"]
[BlackElo "2427"]
[Result "1-0"]
[Round "5"]
[TimeControl "180+1"]
[Date "2023.08.08"]
[WhiteClock "0:00:11"]
[BlackClock "0:00:00"]
[Board "167"]

1. Nf3 d5 2. d4 Nf6 3. Bf4 c5 4. e3 Nc6 5. c3 Qb6 6. Qb3 c4 7. Qc2 Bf5 8. Qc1 Nh5 9. Bg3 Nxg3 10. hxg3 h6 11. Nbd2 e6 12. Be2 Be7 13. Bd1 a5 14. a4 O-O 15. Bc2 Bf6 16. Qb1 Ne7 17. e4 dxe4 18. Nxe4 Bxe4 19. Bxe4 Qc7 20. Qc2 Ra6 21. Qe2 Rb6 22. Ra2 Nf5 23. g4 Nd6 24. g5 Be7 25. gxh6 g6 26. Ne5 Bf6 27. h7+ Kg7 28. Ng4 Rh8 29. Bxg6 fxg6 30. Nxf6 Nf7 31. Ng4 Rxh7 32. Rxh7+ Kxh7 33. g3 Kg7 34. Qe4 Qd8 35. Kd2 Qg5+ 36. Kc2 Qf5 37. Qxf5 gxf5 38. Ne3 Nd6 39. Ra1 Rc6 40. Rh1 Ne4 41. f3 Nxg3 42. Rg1 f4 43. Ng2 Kf6 44. Nxf4 Kf5 45. Nh3 Ne2 46. Rg5+ Kf6 47. Rxa5 Rc7 48. Re5 Ng3 49. Nf4 Rc6 50. a5 Nf5 51. Re4 Ra6 52. Re5 Ne7 53. Rc5 Nc6 54. Rxc4 Nxa5 55. Rb4 Ra7 56. Nd3 Nc6 57. Rb6 Ne7 58. Nc5 Nd5 59. Rxb7 Ra1 60. Nd7+ Kf5 61. Ne5 Kf4 62. Rf7+ Ke3 63. Nc4+ Ke2 64. f4 Ra4 65. Kb3 Ra6 66. f5 exf5 67. Rxf5 1-0


[Site "https://www.chess.com"]

[Event "Titled Tuesday Blitz August 08 Early 2023"]
[White "Bures, Vit"]
[Black "Ibadov, Dashgyn"]
[WhiteFideId "309052"]
[BlackFideId "24107514"]
[WhiteElo "2353"]
[BlackElo "2542"]
[Result "1-0"]
[Round "5"]
[TimeControl "180+1"]
[Date "2023.08.08"]
[WhiteClock "0:00:15"]
[BlackClock "0:00:55"]
[Board "168"]

1. d4 Nf6 2. c4 c5 3. d5 d6 4. Nc3 g6 5. e4 Bg7 6. Nf3 O-O 7. Be2 e6 8. O-O exd5 9. exd5 Bg4 10. Bf4 Nh5 11. Bg5 Bf6 12. Bh6 Re8 13. h3 Bxf3 14. Bxf3 Bxc3 15. bxc3 Ng7 16. Rb1 b6 17. Bg4 Nd7 18. Bxd7 Qxd7 19. Qf3 Nf5 20. Bg5 Qa4 21. Qf4 Qxa2 22. g4 Ng7 23. Bf6 Kh8 24. Qh6 Rg8 25. Rbe1 Qxc4 26. Re7 Qxd5 27. Rfe1 a5 28. Qxg7+ 1-0


[Site "https://www.chess.com"]

[Event "Titled Tuesday Blitz August 08 Early 2023"]
[White "Lesbekova, Assel"]
[Black "Souleidis, Georgios"]
[WhiteFideId "13713248"]
[BlackFideId "4206827"]
[WhiteElo "2335"]
[BlackElo "2541"]
[Result "0-1"]
[Round "5"]
[TimeControl "180+1"]
[Date "2023.08.08"]
[WhiteClock "0:00:55"]
[BlackClock "0:00:51"]
[Board "169"]

1. e4 c5 2. Nf3 e6 3. d4 cxd4 4. Nxd4 Nf6 5. Bd3 Nc6 6. Nxc6 bxc6 7. c4 d5 8. exd5 cxd5 9. O-O Be7 10. Nc3 O-O 11. cxd5 exd5 12. Bg5 Be6 13. Ne2 h6 14. Bh4 Rb8 15. Qc2 Qb6 16. b3 Rfc8 17. Qb2 Qb4 18. Bg3 Ra8 19. Nd4 Qc3 20. Qxc3 Rxc3 21. Nxe6 fxe6 22. Ba6 Ne4 23. Be5 Rc5 24. Rfc1 Bf6 25. Bxf6 gxf6 26. b4 Rxc1+ 27. Rxc1 Rb8 28. a3 Rb6 29. Bc8 d4 30. f3 Nc3 31. Kf2 Rc6 32. Bb7 Ne4+ 33. fxe4 Rxc1 34. Ke2 Kf7 35. Kd3 e5 36. Bd5+ Ke7 37. Bc4 Rc3+ 0-1


[Site "https://www.chess.com"]

[Event "Titled Tuesday Blitz August 08 Early 2023"]
[White "Gauravthegm"]
[Black "Chor, Kevin"]
[BlackFideId "2090740"]
[WhiteElo "2331"]
[BlackElo "2513"]
[Result "0-1"]
[Round "5"]
[TimeControl "180+1"]
[Date "2023.08.08"]
[WhiteClock "0:00:11"]
[BlackClock "0:00:14"]
[Board "170"]

1. e4 c5 2. Nc3 Nc6 3. g3 g6 4. Bg2 Bg7 5. d3 Rb8 6. a4 d6 7. f4 Nd4 8. Nf3 Bg4 9. O-O e6 10. h3 Nxf3+ 11. Bxf3 Bxh3 12. Re1 h5 13. e5 d5 14. d4 cxd4 15. Qxd4 Nh6 16. Qxa7 h4 17. Be2 hxg3 18. Qc5 f6 19. exf6 Bxf6 20. Bb5+ Kf7 21. Ra3 Nf5 22. Ne2 Be7 23. Qc3 Qb6+ 24. Be3 Nxe3 25. Qxe3 Bc5 26. Nxg3 Bxe3+ 27. Raxe3 Bf5 28. Bd7 Rbd8 29. Bb5 d4 30. Re5 d3+ 31. Kg2 dxc2 32. Nxf5 gxf5 33. Bc4 Rd2+ 34. R1e2 Rxe2+ 35. Rxe2 c1=Q 0-1


[Site "https://www.chess.com"]

[Event "Titled Tuesday Blitz August 08 Early 2023"]
[White "Rodriguez Santiago, Jaime"]
[Black "Nemec, Jachym"]
[WhiteFideId "3100898"]
[BlackFideId "23716525"]
[WhiteElo "2329"]
[BlackElo "2503"]
[Result "0-1"]
[Round "5"]
[TimeControl "180+1"]
[Date "2023.08.08"]
[WhiteClock "0:00:00"]
[BlackClock "0:00:35"]
[Board "171"]

1. c4 e5 2. Nc3 Nf6 3. g3 Bc5 4. Bg2 O-O 5. Nf3 Re8 6. O-O Nc6 7. e3 d6 8. d4 exd4 9. exd4 Bb6 10. Bg5 h6 11. Bh4 Bg4 12. Bxf6 Qxf6 13. Nd5 Qd8 14. Nxb6 axb6 15. h3 Bf5 16. Qd2 Qd7 17. Kh2 Re7 18. b3 Rae8 19. Rfe1 Be4 20. d5 Nb8 21. Nd4 Bxg2 22. Kxg2 Re5 23. Rxe5 Rxe5 24. Re1 Qe7 25. Nf3 Rxe1 26. Nxe1 Nd7 27. Nd3 Qe4+ 28. f3 Qd4 29. Qe2 Kf8 30. Nf2 Ne5 31. f4 Nd7 32. Nd3 Nf6 33. Nf2 g6 34. Nd3 h5 35. Nf2 b5 36. cxb5 Qxd5+ 37. Qf3 Qxb5 38. a4 Qb4 39. g4 hxg4 40. hxg4 d5 41. g5 Ne4 42. Qh3 Qd2 43. Qh8+ Ke7 44. Qe5+ Kd7 0-1


[Site "https://www.chess.com"]

[Event "Titled Tuesday Blitz August 08 Early 2023"]
[White "Ncatt"]
[Black "Hnydiuk, Aleksander"]
[BlackFideId "1109057"]
[WhiteElo "2329"]
[BlackElo "2502"]
[Result "1-0"]
[Round "5"]
[TimeControl "180+1"]
[Date "2023.08.08"]
[WhiteClock "0:00:15"]
[BlackClock "0:00:09"]
[Board "172"]

1. e4 e5 2. Nf3 Nc6 3. Bc4 Bc5 4. O-O Nf6 5. d4 Nxd4 6. Nxe5 O-O 7. Be3 d5 8. exd5 b5 9. Bxd4 Bxd4 10. Qxd4 bxc4 11. Nc3 Bb7 12. Rad1 Re8 13. Nxc4 Qe7 14. h3 Rad8 15. Qxa7 Bxd5 16. Ne3 Ba8 17. Rxd8 Rxd8 18. Rd1 Re8 19. Qd4 h6 20. Nf5 Qe6 21. Ne3 Qa6 22. Qc4 Qb7 23. Qb5 Qa7 24. a4 Rxe3 25. fxe3 Qxe3+ 26. Kf1 Qf4+ 27. Kg1 Qe3+ 28. Kh2 Qf4+ 29. Kh1 Kh7 30. Rf1 Qg3 31. Qf5+ g6 32. Qf2 Qxh3+ 33. Kg1 Qg4 34. g3 Qh3 35. Qh2 Qe6 36. Nd1 Kg7 37. Qf2 Ng4 38. Qd4+ Kh7 39. Nf2 Qc6 40. Qe4 Qxe4 41. Nxe4 Bxe4 42. Rxf7+ Kg8 43. Rxc7 Ne5 44. a5 Nf3+ 45. Kf2 Kf8 46. Ke3 Bd5 47. a6 Ne5 48. Kd4 1-0


[Site "https://www.chess.com"]

[Event "Titled Tuesday Blitz August 08 Early 2023"]
[White "Vasques, Antonio Pedro Freixial"]
[Black "NicolaiMaxime"]
[WhiteFideId "1908332"]
[WhiteElo "2323"]
[BlackElo "2491"]
[Result "0-1"]
[Round "5"]
[TimeControl "180+1"]
[Date "2023.08.08"]
[WhiteClock "0:00:06"]
[BlackClock "0:01:29"]
[Board "173"]

1. Nf3 Nf6 2. g3 g6 3. Bg2 Bg7 4. O-O O-O 5. d4 d6 6. c4 Nc6 7. Nc3 e5 8. d5 Ne7 9. e4 a5 10. h3 h6 11. Be3 b6 12. Ne1 Nd7 13. Nd3 Nc5 14. Rc1 Bd7 15. f4 exf4 16. Bxf4 g5 17. Be3 Ng6 18. b3 Ne5 19. Nxe5 Bxe5 20. Bd4 Qe7 21. Ne2 Rae8 22. Qc2 Nxe4 23. Qxe4 Bxd4+ 24. Qxd4 Qxe2 25. Rf2 Qe3 26. Qa1 Qe5 27. Qb1 f5 28. Rcf1 Kg7 29. Kh2 h5 30. Qd1 h4 31. Kg1 hxg3 32. Rf3 f4 33. Qd2 Bf5 34. h4 Bg4 35. hxg5 Bxf3 36. Bxf3 Qe3+ 37. Qxe3 0-1


[Site "https://www.chess.com"]

[Event "Titled Tuesday Blitz August 08 Early 2023"]
[White "Player, Edmund C"]
[Black "Ljukin, Sergei"]
[WhiteFideId "406520"]
[BlackFideId "14102200"]
[WhiteElo "2291"]
[BlackElo "2486"]
[Result "1-0"]
[Round "5"]
[TimeControl "180+1"]
[Date "2023.08.08"]
[WhiteClock "0:00:24"]
[BlackClock "0:00:10"]
[Board "174"]

1. e4 e6 2. d4 d5 3. Nd2 Nf6 4. e5 Nfd7 5. Bd3 c5 6. c3 Nc6 7. Ne2 cxd4 8. cxd4 f6 9. exf6 Qxf6 10. Nf3 h6 11. O-O Bd6 12. Ng3 O-O 13. a3 Rd8 14. b4 a6 15. Bb2 Nf8 16. Ne5 Bd7 17. Nh5 Qh4 18. g3 Qe7 19. Re1 Nxe5 20. dxe5 Bc7 21. Bd4 Be8 22. Qg4 Bxh5 23. Qxh5 Qf7 24. Qe2 Rac8 25. Rac1 Bb8 26. f4 b5 27. Bb6 Ba7 28. Qf2 Bxb6 29. Qxb6 Ra8 30. Rc7 Rd7 31. Rec1 Qe8 32. Rxd7 Qxd7 33. Rc7 Qd8 34. Qb7 Rb8 35. Rxg7+ Kh8 36. Qf7 Qb6+ 37. Kg2 Qe3 38. Qg8# 1-0


[Site "https://www.chess.com"]

[Event "Titled Tuesday Blitz August 08 Early 2023"]
[White "Fernandez Hernandez, Gerardo"]
[Black "Nguyen Hong Nhung"]
[WhiteFideId "2207400"]
[BlackFideId "12412201"]
[WhiteElo "2243"]
[BlackElo "2485"]
[Result "1-0"]
[Round "5"]
[TimeControl "180+1"]
[Date "2023.08.08"]
[WhiteClock "0:00:08"]
[BlackClock "0:00:01"]
[Board "175"]

1. e4 c5 2. Nc3 Nc6 3. f4 a6 4. Nf3 e6 5. g3 d5 6. d3 Nf6 7. e5 Ng8 8. Bg2 Nge7 9. O-O h5 10. Bd2 Nf5 11. Rc1 Be7 12. Qe2 b5 13. Nd1 Bb7 14. c3 d4 15. c4 g6 16. Nf2 Rb8 17. Ne4 Na5 18. Qe1 Nc6 19. cxb5 axb5 20. Nxc5 Ba8 21. Ng5 Rc8 22. Nge4 Qb6 23. b4 Rd8 24. h3 O-O 25. g4 hxg4 26. hxg4 Ng7 27. Nf6+ Bxf6 28. exf6 Ne8 29. g5 Nd6 30. Qh4 Nf5 31. Qh3 Nb8 32. Kf2 Bxg2 33. Qxg2 Qc6 34. Qh3 Rfe8 35. Rh1 Kf8 36. Qh8# 1-0


[Site "https://www.chess.com"]

[Event "Titled Tuesday Blitz August 08 Early 2023"]
[White "Sariego Figueredo, Wilfredo"]
[Black "Khamdamova, Afruza"]
[WhiteFideId "3500080"]
[BlackFideId "14210444"]
[WhiteElo "2280"]
[BlackElo "2477"]
[Result "0-1"]
[Round "5"]
[TimeControl "180+1"]
[Date "2023.08.08"]
[WhiteClock "0:00:04"]
[BlackClock "0:00:05"]
[Board "176"]

1. d4 Nf6 2. Bf4 d5 3. e3 c5 4. c3 Nc6 5. Nd2 Bf5 6. Ngf3 e6 7. Nh4 Bg6 8. Nxg6 hxg6 9. Bd3 Bd6 10. Bxd6 Qxd6 11. Nf3 cxd4 12. exd4 a6 13. Qe2 O-O 14. O-O Rac8 15. Rfe1 Rfe8 16. Ne5 Ne7 17. a4 a5 18. Bb5 Rf8 19. f3 Nc6 20. Nd3 Qc7 21. Nc5 Na7 22. Bd3 b6 23. Nb3 Rcd8 24. Nd2 Nc8 25. Nb1 Nd6 26. Na3 Nh5 27. Bb5 Qe7 28. Qe5 Nf6 29. Re2 Kh7 30. Rae1 Rh8 31. Bd3 Kg8 32. Nb5 Nxb5 33. Bxb5 Rh5 34. Qg3 Nh7 35. Re5 Rh6 36. R5e2 Qf6 37. Qc7 Rf8 38. Qg3 g5 39. Re5 Rc8 40. Bd7 Rd8 41. Bb5 Qg6 42. R5e2 Qh5 43. Qc7 Rf8 44. h3 Qh4 45. Qd6 Nf6 46. Bd3 Nh5 47. Rd2 Nf4 48. Bf1 Qg3 49. Kh1 g4 50. Qe5 gxh3 51. gxh3 Rxh3+ 52. Bxh3 Qxh3+ 53. Kg1 Qg3+ 54. Kf1 Qxf3+ 55. Rf2 Qh3+ 56. Kg1 Nd3 57. Qe2 Nxe1 58. Qxe1 Qg4+ 59. Rg2 Qf4 60. Qd1 g6 61. Qh5 Kg7 62. Qh3 Rh8 63. Qd3 Qc1+ 64. Kf2 Rh1 65. Kf3 Rf1+ 66. Kg3 Qf4+ 67. Kh3 Rh1+ 68. Rh2 Rxh2# 0-1


[Site "https://www.chess.com"]

[Event "Titled Tuesday Blitz August 08 Early 2023"]
[White "Baches Garcia, Guillermo"]
[Black "Vaglio Munoz, Jaime"]
[WhiteFideId "2209764"]
[BlackFideId "6500145"]
[WhiteElo "2457"]
[BlackElo "2241"]
[Result "1-0"]
[Round "5"]
[TimeControl "180+1"]
[Date "2023.08.08"]
[WhiteClock "0:00:16"]
[BlackClock "0:00:00"]
[Board "177"]

1. e4 c5 2. Nf3 Qa5 3. g3 Nf6 4. Qe2 a6 5. Bg2 Nc6 6. b3 Nd4 7. Nxd4 cxd4 8. O-O e5 9. c3 dxc3 10. dxc3 b5 11. Bb2 Bb7 12. a4 b4 13. c4 d6 14. Nd2 Be7 15. f4 O-O 16. f5 Nd7 17. h4 Nc5 18. f6 gxf6 19. Bh3 Kh8 20. Bf5 Rg8 21. Kh2 Bc8 22. Rf3 Bxf5 23. Rxf5 Rg6 24. Raf1 Rag8 25. R1f3 Bf8 26. Nf1 Bh6 27. Rxf6 Rxf6 28. Rxf6 Qc7 29. Rxh6 Qe7 30. Qh5 f6 31. Qf3 Kg7 32. Rh5 Qb7 33. Nd2 Rf8 34. Rf5 Rf7 35. g4 h6 36. g5 hxg5 37. hxg5 fxg5 38. Rxg5+ Kf8 39. Rf5 Rxf5 40. Qxf5+ Kg7 41. Kg3 Nd3 42. Ba1 Nf4 43. Qxf4 Qb6 44. Qg4+ Kf7 45. Qf3+ Ke8 46. Qf2 1-0


[Site "https://www.chess.com"]

[Event "Titled Tuesday Blitz August 08 Early 2023"]
[White "Karas, Marek"]
[Black "Samaganova, Aleksandra"]
[WhiteFideId "14928558"]
[BlackFideId "13800221"]
[WhiteElo "2443"]
[BlackElo "2240"]
[Result "1-0"]
[Round "5"]
[TimeControl "180+1"]
[Date "2023.08.08"]
[WhiteClock "0:01:37"]
[BlackClock "0:00:00"]
[Board "178"]

1. d4 Nf6 2. c4 e6 3. Nc3 Bb4 4. f3 c5 5. a3 Bxc3+ 6. bxc3 cxd4 7. cxd4 d5 8. cxd5 exd5 9. Bg5 O-O 10. e3 Re8 11. Bd3 h6 12. Bxf6 Qxf6 13. Kf2 Nc6 14. Ne2 Bf5 15. Ng3 Bxd3 16. Qxd3 Re6 17. Rhe1 Rae8 18. Rad1 Qe7 19. e4 Qg5 20. e5 Qd8 21. f4 Rg6 22. Nf5 Qb6 23. Rb1 Qa5 24. Rb5 Qa4 25. Rxd5 Kh7 26. Nh4 1-0


[Site "https://www.chess.com"]

[Event "Titled Tuesday Blitz August 08 Early 2023"]
[White "Rietze, Clemens, Dr."]
[Black "Mitrovic, Darko R"]
[WhiteFideId "24620351"]
[BlackFideId "927023"]
[WhiteElo "2442"]
[BlackElo "2145"]
[Result "1-0"]
[Round "5"]
[TimeControl "180+1"]
[Date "2023.08.08"]
[WhiteClock "0:00:06"]
[BlackClock "0:00:00"]
[Board "179"]

1. d4 e6 2. c4 Nf6 3. Nf3 Bb4+ 4. Bd2 Bxd2+ 5. Qxd2 d6 6. Nc3 Nc6 7. e4 O-O 8. Be2 e5 9. d5 Ne7 10. O-O b6 11. Ne1 Ng6 12. Nd3 h6 13. b4 a5 14. a3 Nh7 15. Rac1 axb4 16. axb4 f5 17. c5 bxc5 18. bxc5 Ng5 19. exf5 Bxf5 20. Nb4 Nf4 21. f3 Qf6 22. Kh1 Qg6 23. Rg1 Rae8 24. Nb5 Rf7 25. cxd6 cxd6 26. Rc6 Rd7 27. Bc4 Nf7 28. Na6 Qh5 29. Nac7 Rc8 30. Na6 Rcd8 31. Rc7 Qg5 32. Rxd7 Rxd7 33. Nac7 Nh3 34. Qe2 Nf4 35. Qf2 Qh5 36. Ne6 1-0


[Site "https://www.chess.com"]

[Event "Titled Tuesday Blitz August 08 Early 2023"]
[White "Shapiro, Daniel"]
[Black "Haukenfrers, Dale"]
[WhiteFideId "2001780"]
[BlackFideId "2603780"]
[WhiteElo "2367"]
[BlackElo "2125"]
[Result "0-1"]
[Round "5"]
[TimeControl "180+1"]
[Date "2023.08.08"]
[WhiteClock "0:00:00"]
[BlackClock "0:00:30"]
[Board "180"]

1. d4 d6 2. e4 g6 3. Nc3 c6 4. a4 Nf6 5. h3 Nbd7 6. Nge2 e5 7. Be3 Qc7 8. g4 Nb6 9. b3 Nfd7 10. Bg2 a5 11. O-O h5 12. g5 h4 13. f4 exf4 14. Bxf4 Bg7 15. Qe1 Nf8 16. Qf2 Ne6 17. Be3 Nd8 18. Rad1 Nd7 19. Kh1 Nf8 20. Ng1 Ra6 21. Nf3 Rb6 22. d5 c5 23. Nb5 Rxb5 24. axb5 Bd7 25. c4 Qc8 26. Kh2 Rh5 27. Bf4 Nh7 28. Rde1 Kf8 29. e5 dxe5 30. Bxe5 Kg8 31. Qb2 Bf8 32. Qd2 b6 33. Qf4 Bf5 34. Nd2 Qd7 35. Ne4 Nb7 36. Bf3 Bxe4 37. Bxh5 Bf5 38. Bg4 Bxg4 39. hxg4 Nd6 40. Rh1 Qd8 41. Bf6 Qd7 42. Kg2 Ne8 43. Rxh4 Nexf6 44. Reh1 Bd6 45. Qe3 Nxg4 0-1


[Site "https://www.chess.com"]

[Event "Titled Tuesday Blitz August 08 Early 2023"]
[White "Aepfler, Christian"]
[Black "Thomforde-Toates, Noah"]
[WhiteFideId "4628306"]
[BlackFideId "30951992"]
[WhiteElo "2084"]
[BlackElo "2576"]
[Result "1/2-1/2"]
[Round "5"]
[TimeControl "180+1"]
[Date "2023.08.08"]
[WhiteClock "0:00:59"]
[BlackClock "0:00:21"]
[Board "181"]

1. e4 c5 2. c3 d5 3. exd5 Qxd5 4. d4 Nc6 5. Nf3 Bg4 6. Be2 e6 7. O-O Nf6 8. h3 Bh5 9. Be3 cxd4 10. cxd4 Be7 11. Nc3 Qa5 12. Qb3 Qb4 13. g4 Bg6 14. Ne5 O-O 15. Nxc6 bxc6 16. Qxb4 Bxb4 17. Rfc1 Rab8 18. b3 Ba3 19. Na4 Bxc1 20. Rxc1 Be4 21. Nc5 Bd5 22. g5 Ne4 23. Nd7 Rb7 24. Nxf8 Kxf8 25. Bf4 Ke7 26. f3 Nd6 27. Bxd6+ Kxd6 28. Kf2 Rb4 29. Ke3 Rb8 30. h4 Rh8 31. f4 h6 32. gxh6 Rxh6 33. h5 g6 34. hxg6 Rxg6 35. Rf1 Rg3+ 36. Kd2 Be4 37. Bc4 Rg2+ 38. Ke3 Bd5 39. Rf2 Rxf2 40. Kxf2 Bxc4 41. bxc4 c5 42. Ke3 cxd4+ 43. Kxd4 f6 44. c5+ Kc6 45. Kc4 a6 46. a4 a5 47. Kd4 Kc7 48. Ke4 Kb7 49. Kd4 Kc6 50. Kc4 e5 51. f5 e4 52. Kd4 e3 53. Kxe3 Kxc5 54. Kd3 Kd5 55. Kc3 Ke5 56. Kc4 Kxf5 57. Kb5 Ke5 58. Kxa5 f5 59. Kb6 f4 60. a5 f3 61. a6 f2 62. a7 f1=Q 63. a8=Q Qb1+ 64. Kc7 Qh7+ 65. Kb6 Qb1+ 66. Kc7 Qc2+ 67. Qc6 Qh7+ 68. Qd7 Qc2+ 69. Qc6 Qb3 70. Qd6+ Kf5 71. Qd7+ Kf6 72. Qd6+ Kf7 73. Qd7+ Kf6 74. Qd6+ Kf5 75. Qd7+ Kf4 76. Qd6+ Kf3 77. Qf6+ Ke3 78. Qe5+ Kf2 79. Qf4+ Kg2 80. Qg4+ Qg3+ 81. Qxg3+ Kxg3 1/2-1/2


[Site "https://www.chess.com"]

[Event "Titled Tuesday Blitz August 08 Early 2023"]
[White "Ovchinnikov, Vsevolod"]
[Black "Spichkin, Alexander"]
[WhiteFideId "24176842"]
[BlackFideId "4144074"]
[WhiteElo "2622"]
[BlackElo "2322"]
[Result "1-0"]
[Round "5"]
[TimeControl "180+1"]
[Date "2023.08.08"]
[WhiteClock "0:00:27"]
[BlackClock "0:01:12"]
[Board "182"]

1. d4 e6 2. c4 f5 3. g3 Nf6 4. Bg2 d6 5. Nf3 Be7 6. b3 O-O 7. Bb2 a5 8. O-O Qe8 9. Nbd2 Qh5 10. e3 a4 11. Ne1 Qh6 12. Nd3 a3 13. Bc3 c6 14. e4 f4 15. Nxf4 e5 16. Nd3 Nbd7 17. Qe2 Kh8 18. f4 exd4 19. Bxd4 d5 20. cxd5 cxd5 21. e5 Bc5 22. Nxc5 Ng4 23. Qxg4 Nxc5 24. Qg5 Ne6 25. Qxh6 gxh6 26. Bf2 Bd7 27. Rac1 Bb5 28. Rfe1 Rfd8 29. Nf3 d4 30. Red1 d3 31. Bf1 Rd7 32. Be3 Rad8 33. Nd2 Ng7 34. Kf2 Nf5 35. Rc5 Bc6 36. Rdc1 h5 37. Bh3 Rf8 38. Bxf5 Rxf5 39. h4 Kg7 40. Ra5 Rdf7 41. Rc3 Rd7 42. Rxa3 Kg6 43. Ra5 Rf8 44. a4 Kf5 45. e6+ Kxe6 46. Rxh5 Kf6 47. Re5 Ra8 48. g4 Ra5 49. Rxa5 Re7 50. Rxd3 Re4 51. Nxe4+ Bxe4 52. Rd6+ Ke7 53. Rb6 Kd7 54. Re5 Bh1 55. Rh5 Kc7 56. Rxh7+ Kb8 57. f5 Ka7 1-0


[Site "https://www.chess.com"]

[Event "Titled Tuesday Blitz August 08 Early 2023"]
[White "dr_tatiana"]
[Black "Parpiev, Isaak"]
[BlackFideId "34281576"]
[WhiteElo "2322"]
[BlackElo "2534"]
[Result "1-0"]
[Round "5"]
[TimeControl "180+1"]
[Date "2023.08.08"]
[WhiteClock "0:00:16"]
[BlackClock "0:00:00"]
[Board "183"]

1. e4 c6 2. d4 d5 3. f3 e5 4. dxe5 Bc5 5. Ne2 Ne7 6. Ng3 O-O 7. Bd3 Nd7 8. f4 Qb6 9. Qf3 Ng6 10. Nc3 Ndxe5 11. fxe5 Nxe5 12. Qh5 Re8 13. Bd2 dxe4 14. Bxe4 g6 15. Qh6 Ng4 16. Qf4 f5 17. O-O-O fxe4 18. Ngxe4 Bd4 19. h3 Rf8 20. Qg5 Nf2 21. Nxf2 Bxf2 22. Ne4 Bd4 23. c3 Bg7 24. Rhf1 Bf5 25. Nd6 1-0


[Site "https://www.chess.com"]

[Event "Titled Tuesday Blitz August 08 Early 2023"]
[White "Liu, Casper"]
[Black "Sala, Giulia"]
[WhiteFideId "1454153"]
[BlackFideId "2840451"]
[WhiteElo "2484"]
[BlackElo "2318"]
[Result "1-0"]
[Round "5"]
[TimeControl "180+1"]
[Date "2023.08.08"]
[WhiteClock "0:00:16"]
[BlackClock "0:00:17"]
[Board "184"]

1. e4 g6 2. Nh3 Bg7 3. Nf4 d6 4. h4 e5 5. Nd5 c6 6. Ne3 h5 7. Nc3 Nf6 8. d4 exd4 9. Qxd4 O-O 10. Qd3 Re8 11. Bd2 Qc7 12. O-O-O Nbd7 13. f3 b5 14. Qe2 b4 15. Nb1 c5 16. g4 a5 17. Qh2 a4 18. Be2 a3 19. b3 Nxg4 20. c3 Nxh2 21. Rxh2 bxc3 22. Bxc3 Bxc3 23. Nxc3 Ba6 24. Ncd5 Qa5 25. Nc4 Bxc4 26. Bxc4 Ne5 27. Be2 c4 28. f4 cxb3 29. fxe5 Rec8+ 30. Kb1 bxa2+ 31. Ka1 Qb4 32. Nxb4 Rab8 33. Nxa2 Rc2 34. Rc1 Rd2 35. exd6 Rbb2 36. Nc3 a2 37. Bd3 Rxh2 38. d7 Kh7 39. d8=Q Rhd2 40. Qd7 Rb3 41. Qxf7+ Kh6 42. Qxb3 Rxd3 43. Rg1 1-0


[Site "https://www.chess.com"]

[Event "Titled Tuesday Blitz August 08 Early 2023"]
[White "Pavlidou, Ekaterini"]
[Black "Sanhueza, Cristian"]
[WhiteFideId "4213262"]
[BlackFideId "116815"]
[WhiteElo "2314"]
[BlackElo "2463"]
[Result "1-0"]
[Round "5"]
[TimeControl "180+1"]
[Date "2023.08.08"]
[WhiteClock "0:00:31"]
[BlackClock "0:00:03"]
[Board "185"]

1. d4 Nf6 2. c4 g6 3. Nc3 Bg7 4. e4 d6 5. Bd3 O-O 6. Nge2 Nc6 7. f3 e5 8. d5 Nd4 9. Nxd4 exd4 10. Ne2 Nd7 11. f4 Re8 12. O-O Nc5 13. Ng3 h5 14. Re1 Bg4 15. Qc2 h4 16. Nh1 a5 17. Nf2 Bh5 18. b3 f5 19. Bb2 fxe4 20. Nxe4 h3 21. Ng5 Qf6 22. Nxh3 Bg4 23. Bxg6 Rxe1+ 24. Rxe1 Bxh3 25. gxh3 Qxf4 26. Qg2 Rf8 27. Bc1 Qf3 28. h4 d3 29. Qxf3 Rxf3 30. Kg2 Rf8 31. h5 Bd4 32. Bd2 Rf2+ 33. Kg3 Rxd2 34. Re8+ Kg7 35. Re7+ Kh6 36. Rh7+ Kg5 37. h4+ Kf6 38. Rf7+ Ke5 39. Re7+ Kf6 40. Rf7+ Ke5 41. Rf5+ Ke4 42. Rf3+ Ke5 43. h6 Re2 44. h7 d2 1-0


[Site "https://www.chess.com"]

[Event "Titled Tuesday Blitz August 08 Early 2023"]
[White "favesaul"]
[Black "Valle Maytin, Luis Enrique"]
[BlackFideId "3503666"]
[WhiteElo "2461"]
[BlackElo "2313"]
[Result "1-0"]
[Round "5"]
[TimeControl "180+1"]
[Date "2023.08.08"]
[WhiteClock "0:00:14"]
[BlackClock "0:00:00"]
[Board "186"]

1. e4 c5 2. Nf3 g6 3. d4 cxd4 4. Nxd4 Nc6 5. c4 Nf6 6. Nc3 Nxd4 7. Qxd4 d6 8. Be2 Bg7 9. O-O O-O 10. Qd3 Be6 11. Be3 Qa5 12. Rac1 Rfc8 13. b3 a6 14. f4 b5 15. cxb5 axb5 16. Qxb5 Qxb5 17. Bxb5 Rxc3 18. Rxc3 Nxe4 19. Rc2 Nc3 20. Bd3 Nxa2 21. Bc4 d5 22. Bb5 d4 23. Bf2 Bxb3 24. Rc7 Nc3 25. Bd3 Bf6 26. g4 h6 27. h4 e6 28. g5 Bg7 29. gxh6 Bf6 30. h7+ Kg7 31. h5 gxh5 32. Kh2 1-0


[Site "https://www.chess.com"]

[Event "Titled Tuesday Blitz August 08 Early 2023"]
[White "Dong Khanh Linh"]
[Black "Herzog2012"]
[WhiteFideId "12403040"]
[WhiteElo "2310"]
[BlackElo "2451"]
[Result "1-0"]
[Round "5"]
[TimeControl "180+1"]
[Date "2023.08.08"]
[WhiteClock "0:00:08"]
[BlackClock "0:00:01"]
[Board "187"]

1. d4 Nf6 2. Nf3 c5 3. e3 e6 4. Nbd2 d5 5. c3 a6 6. Bd3 Bd6 7. O-O Nbd7 8. Re1 O-O 9. e4 dxe4 10. Nxe4 Nxe4 11. Rxe4 cxd4 12. cxd4 Nf6 13. Rh4 Be7 14. Bg5 g6 15. Qd2 h5 16. Bxf6 Bxf6 17. Rxh5 Bg7 18. Rh4 b5 19. Qf4 Bb7 20. Ne5 Qf6 21. Qg4 Rfd8 22. Re1 Rd5 23. Qg3 Rad8 24. Rf4 Qe7 25. Rxf7 Qxf7 26. Nxf7 Kxf7 27. Qxg6+ Kf8 28. Qxe6 Rxd4 29. Bg6 Bd5 30. Qe8+ Rxe8 31. Rxe8# 1-0


[Site "https://www.chess.com"]

[Event "Titled Tuesday Blitz August 08 Early 2023"]
[White "Rozhkov, Viacheslav"]
[Black "Kaminski, Victor"]
[WhiteFideId "4181484"]
[BlackFideId "1131630"]
[WhiteElo "2445"]
[BlackElo "2307"]
[Result "1-0"]
[Round "5"]
[TimeControl "180+1"]
[Date "2023.08.08"]
[WhiteClock "0:00:43"]
[BlackClock "0:00:00"]
[Board "188"]

1. e4 e5 2. Nf3 Nc6 3. d4 exd4 4. Bc4 Nf6 5. e5 Ne4 6. Qe2 Nc5 7. c3 d3 8. Bxd3 Nxd3+ 9. Qxd3 d5 10. O-O Be7 11. Nbd2 O-O 12. Nb3 h6 13. Nbd4 Nxd4 14. cxd4 Be6 15. Be3 c6 16. Nd2 a5 17. f4 f5 18. exf6 Bxf6 19. Nf3 Qb6 20. Ne5 Qa6 21. Qd2 Bf5 22. h3 Rfe8 23. g4 Be4 24. Qf2 Re7 25. Rae1 Rf8 26. Qg3 Bxe5 27. fxe5 Ree8 28. g5 hxg5 29. Bxg5 Rxf1+ 30. Rxf1 Qe2 31. Bf6 Re7 32. Bxe7 1-0


[Site "https://www.chess.com"]

[Event "Titled Tuesday Blitz August 08 Early 2023"]
[White "Rios Escobar, Adan"]
[Black "Wimalasuriya, Kasun M."]
[WhiteFideId "3403645"]
[BlackFideId "9906789"]
[WhiteElo "2436"]
[BlackElo "2302"]
[Result "1-0"]
[Round "5"]
[TimeControl "180+1"]
[Date "2023.08.08"]
[WhiteClock "0:00:17"]
[BlackClock "0:01:38"]
[Board "189"]

1. d4 Nf6 2. g3 c5 3. d5 d6 4. c4 g6 5. Nc3 Bg7 6. Nf3 O-O 7. Bg2 Na6 8. O-O Rb8 9. Re1 Nc7 10. a4 b6 11. e4 Bd7 12. e5 Nfe8 13. Bg5 f6 14. exf6 exf6 15. Bf4 a6 16. h4 b5 17. axb5 axb5 18. Ne4 bxc4 19. Nxd6 Rxb2 20. Nxc4 Rb4 21. Nd6 Nb5 22. Nxb5 Bxb5 23. Ra7 Rf7 24. Rxf7 Kxf7 25. d6 Kg8 26. Qd5+ Kh8 27. Qxc5 Rb2 28. Nd4 Bd7 29. Re7 g5 30. hxg5 fxg5 31. Bxg5 Qa8 32. Bxa8 Rb1+ 33. Kg2 1-0


[Site "https://www.chess.com"]